TOP OF THE 1ST |
Chicago Machine batting - Pitching for Madison Bombers : RHP José Lara
|
Pitching: RHP José Lara
|
|
Batting: RHB Fabrice Brodeur
|
0-0: Ball 1-0: Foul Ball, location: 2F 1-1: Ball 2-1: Swinging Strike 2-2: Strikes out swinging
|
Batting: SHB Joaquín López
|
0-0: Foul Ball, location: 2F 0-1: Called Strike 0-2: Ground out 4-3 (Groundball, 34)
|
Batting: LHB José Antonio Santiago
|
0-0: Foul Ball, location: 2F 0-1: Foul Ball, location: 2F 0-2: Fly out, F6 (Popup, 6MD)
|
Top of the 1st over - 0 run(s), 0 hit(s), 0 error(s), 0 left on base; Chicago 0 - Madison 0 |
BOTTOM OF THE 1ST |
Madison Bombers batting - Pitching for Chicago Machine : RHP Teruo Sato
|
Pitching: RHP Teruo Sato
|
|
Batting: LHB Keith Tillman
|
0-0: Called Strike 0-1: Ball 1-1: Ball 2-1: Ground out 4-3 (Groundball, 4M)
|
Batting: RHB Sergio Márquez
|
0-0: Ground out 6-3 (Groundball, 6)
|
Batting: LHB Seung-chun Mun
|
0-0: Called Strike 0-1: Called Strike 0-2: Ball 1-2: Foul Ball, location: 2F 1-2: Ball 2-2: Ground out 4-3 (Groundball, 4)
|
Bottom of the 1st over - 0 run(s), 0 hit(s), 0 error(s), 0 left on base; Chicago 0 - Madison 0 |
TOP OF THE 2ND |
Chicago Machine batting - Pitching for Madison Bombers : RHP José Lara
|
Batting: LHB Bob Smith
|
0-0: Foul Ball, location: 2F 0-1: Swinging Strike 0-2: Ball 1-2: Ground out 4-3 (Groundball, 4)
|
Batting: LHB Francisco Vega
|
0-0: Swinging Strike 0-1: Ground out U3 (Groundball, 3S)
|
Batting: LHB Eric Wheeler
|
0-0: Ball 1-0: Called Strike 1-1: Foul Ball, location: 2F 1-2: Ball 2-2: Ground out 4-3 (Groundball, 34)
|
Top of the 2nd over - 0 run(s), 0 hit(s), 0 error(s), 0 left on base; Chicago 0 - Madison 0 |
BOTTOM OF THE 2ND |
Madison Bombers batting - Pitching for Chicago Machine : RHP Teruo Sato
|
Batting: LHB Sixto Cantú
|
0-0: Called Strike 0-1: SINGLE (Groundball, 56D)
|
Batting: SHB Michael McDonald
|
0-0: Called Strike 0-1: Fly out, F7 (Flyball, 7D)
|
Batting: LHB José Santos
|
0-0: Called Strike 0-1: Called Strike 0-2: Ball 1-2: SINGLE (Line Drive, 4M) Sixto Cantú to second
|
Batting: SHB Derek Roach
|
0-0: Ball 1-0: Ball 2-0: Called Strike 2-1: Foul Ball, location: 2F 2-2: Foul Ball, location: 2F 2-2: Foul Ball, location: 2F 2-2: Foul Ball, location: 2F 2-2: Grounds into double play, 6-4-3 (Groundball, 6)
|
Bottom of the 2nd over - 0 run(s), 2 hit(s), 0 error(s), 1 left on base; Chicago 0 - Madison 0 |
TOP OF THE 3RD |
Chicago Machine batting - Pitching for Madison Bombers : RHP José Lara
|
Batting: SHB Tony McLaughlin
|
0-0: Foul Ball, location: 2F 0-1: SINGLE (Line Drive, 4D)
|
Batting: RHB Rick Ayliffe
|
0-0: Ball 1-0: Ground out 4-3 (Groundball, 13) Tony McLaughlin to second
|
Batting: LHB Domingo Flores
|
0-0: Called Strike 0-1: Ball 1-1: Called Strike 1-2: Ball 2-2: Foul Ball, location: 2F 2-2: Strikes out swinging
|
Batting: RHB Fabrice Brodeur
|
0-0: Ball 1-0: Called Strike 1-1: Foul Ball, location: 2F 1-2: Foul Ball, location: 2F 1-2: Ball 2-2: Foul Ball, location: 2F 2-2: Ball 3-2: Base on Balls
|
Batting: SHB Joaquín López
|
0-0: Ball 1-0: Called Strike 1-1: Ball 2-1: Fly out, F6 (Popup, 6D)
|
Top of the 3rd over - 0 run(s), 1 hit(s), 0 error(s), 2 left on base; Chicago 0 - Madison 0 |
BOTTOM OF THE 3RD |
Madison Bombers batting - Pitching for Chicago Machine : RHP Teruo Sato
|
Batting: LHB Robin Hill
|
0-0: Ball 1-0: Ball 2-0: Called Strike 2-1: Swinging Strike 2-2: Ball 3-2: Ground out 6-3 (Groundball, 6)
|
Batting: RHB Edward Franks
|
0-0: Foul Ball, location: 2F 0-1: SINGLE (Flyball, 89S)
|
Batting: LHB Keith Tillman
|
0-0: Foul Ball, location: 2F 0-1: Ball 1-1: Ball 2-1: Foul Ball, location: 2F 2-2: Fielders Choice at 2nd, 4-6 (Groundball, 4)
|
Batting: RHB Sergio Márquez
|
0-0: Called Strike 0-1: Ball 1-1: Called Strike 1-2: Ball Keith Tillman steals 2nd base 2-2: Ball 3-2: Fly out, F8 (Flyball, 8LD)
|
Bottom of the 3rd over - 0 run(s), 1 hit(s), 0 error(s), 1 left on base; Chicago 0 - Madison 0 |
TOP OF THE 4TH |
Chicago Machine batting - Pitching for Madison Bombers : RHP José Lara
|
Batting: LHB José Antonio Santiago
|
0-0: Ball 1-0: Ball 2-0: Called Strike 2-1: Swinging Strike 2-2: Foul Ball, location: 2F 2-2: Foul Ball, location: 2F 2-2: Ball 3-2: Strikes out swinging
|
Batting: LHB Bob Smith
|
0-0: Called Strike 0-1: Swinging Strike 0-2: Ball 1-2: Ground out 2-3 (Groundball, 23)
|
Batting: LHB Francisco Vega
|
0-0: Ball 1-0: Called Strike 1-1: Foul Ball, location: 2F 1-2: Foul Ball, location: 2F 1-2: Ball 2-2: Foul Ball, location: 2F 2-2: Ball 3-2: Ground out U3 (Groundball, 3)
|
Top of the 4th over - 0 run(s), 0 hit(s), 0 error(s), 0 left on base; Chicago 0 - Madison 0 |
BOTTOM OF THE 4TH |
Madison Bombers batting - Pitching for Chicago Machine : RHP Teruo Sato
|
Batting: LHB Seung-chun Mun
|
0-0: Ball 1-0: Ball 2-0: Ball 3-0: Base on Balls
|
Batting: LHB Sixto Cantú
|
0-0: Ball 1-0: Grounds into double play, 5-4-3 (Groundball, 56)
|
Batting: SHB Michael McDonald
|
0-0: SINGLE (Flyball, 7S)
|
Batting: LHB José Santos
|
0-0: Ball 1-0: Ball 2-0: Called Strike 2-1: Called Strike 2-2: Fielders Choice at 2nd, 6-4 (Groundball, 6)
|
Bottom of the 4th over - 0 run(s), 1 hit(s), 0 error(s), 0 left on base; Chicago 0 - Madison 0 |
TOP OF THE 5TH |
Chicago Machine batting - Pitching for Madison Bombers : RHP José Lara
|
Pitching: RHP Jonas Malaret
|
|
Batting: LHB Eric Wheeler
|
0-0: Ball 1-0: Ball 2-0: Ball 3-0: Base on Balls
|
Batting: SHB Tony McLaughlin
|
0-0: Ball 1-0: Called Strike 1-1: Foul Ball, location: 2F 1-2: Ball 2-2: Fly out, F5 (Popup, 6)
|
Batting: RHB Rick Ayliffe
|
0-0: Grounds into double play, 6-4-3 (Groundball, 6M)
|
Top of the 5th over - 0 run(s), 0 hit(s), 0 error(s), 0 left on base; Chicago 0 - Madison 0 |
BOTTOM OF THE 5TH |
Madison Bombers batting - Pitching for Chicago Machine : RHP Teruo Sato
|
Pitching: LHP John Lane
|
|
Batting: SHB Derek Roach
|
0-0: Foul Ball, location: 2F 0-1: Ball 1-1: Called Strike 1-2: Ball 2-2: Fly out, F7 (Flyball, 78D)
|
Batting: LHB Robin Hill
|
0-0: Fly out, F5 (Popup, 5L)
|
Batting: RHB Edward Franks
|
0-0: Swinging Strike 0-1: Called Strike 0-2: Ball 1-2: DOUBLE (Line Drive, 6M)
|
Batting: LHB Keith Tillman
|
0-0: Ball 1-0: Ball 2-0: Called Strike 2-1: SINGLE (Line Drive, 4MD) Edward Franks to third
|
Batting: RHB Sergio Márquez
|
0-0: Ball 1-0: Swinging Strike 1-1: Called Strike 1-2: Ball 2-2: Ball 3-2: Ground out 5-3 (Groundball, 5S)
|
Bottom of the 5th over - 0 run(s), 2 hit(s), 0 error(s), 2 left on base; Chicago 0 - Madison 0 |
TOP OF THE 6TH |
Chicago Machine batting - Pitching for Madison Bombers : RHP Jonas Malaret
|
Batting: LHB Domingo Flores
|
0-0: Ball 1-0: Swinging Strike 1-1: Ground out 4-3 (Groundball, 4)
|
Batting: RHB Fabrice Brodeur
|
0-0: Ball 1-0: Foul Ball, location: 2F 1-1: Bunt for hit - play at first, batter OUT! 1-3
|
Batting: SHB Joaquín López
|
0-0: Ball 1-0: Ball 2-0: Fly out, F4 (Popup, 4MD)
|
Top of the 6th over - 0 run(s), 0 hit(s), 0 error(s), 0 left on base; Chicago 0 - Madison 0 |
BOTTOM OF THE 6TH |
Madison Bombers batting - Pitching for Chicago Machine : LHP John Lane
|
Batting: LHB Seung-chun Mun
|
0-0: Called Strike 0-1: Swinging Strike 0-2: Strikes out swinging
|
Batting: LHB Sixto Cantú
|
0-0: Ball 1-0: Ball 2-0: Swinging Strike 2-1: SINGLE (Flyball, 7LS)
|
Batting: SHB Michael McDonald
|
0-0: Called Strike 0-1: Swinging Strike 0-2: Foul Ball, location: 2F 0-2: Strikes out looking
|
Batting: LHB José Santos
|
0-0: Ball 1-0: Ball 2-0: Called Strike 2-1: Ball 3-1: Base on Balls Sixto Cantú to second
|
Batting: SHB Derek Roach
|
0-0: Ball 1-0: Foul Ball, location: 2F 1-1: Foul Ball, location: 2F 1-2: Foul Ball, location: 2F 1-2: Ball 2-2: Foul Ball, location: 2F 2-2: Foul Ball, location: 2F 2-2: Ground out 3-1 (Groundball, 34)
|
Bottom of the 6th over - 0 run(s), 1 hit(s), 0 error(s), 2 left on base; Chicago 0 - Madison 0 |
TOP OF THE 7TH |
Chicago Machine batting - Pitching for Madison Bombers : RHP Jonas Malaret
|
Pitching: LHP José García
|
|
Batting: LHB José Antonio Santiago
|
0-0: Ball 1-0: Called Strike 1-1: Ball 2-1: Swinging Strike 2-2: Ball 3-2: SINGLE (Line Drive, 3D)
|
Pinch Hitting: RHB Roberto Cardona
|
0-0: Ball 1-0: Foul Ball, location: 2F 1-1: Ball 2-1: DOUBLE (Line Drive, 7LM) José Antonio Santiago to third
|
Pinch Hitting: RHB Derek Ramsey
|
0-0: Called Strike 0-1: Ball 1-1: Fly out, F8 (Flyball, 8RXD) Runner from 3rd tags up, SCORES, no throw Roberto Cardona to third
|
Batting: LHB Eric Wheeler
|
0-0: Intentional Walk
|
Batting: SHB Tony McLaughlin
|
0-0: Ball 1-0: Foul Ball, location: 2F 1-1: Foul Ball, location: 2F 1-2: Foul Ball, location: 2F 1-2: Foul Ball, location: 2F 1-2: Ball 2-2: Ball Wild Pitch! Roberto Cardona scores Eric Wheeler to second 3-2: Base on Balls
|
Batting: RHB Rick Ayliffe
|
0-0: Ball 1-0: SINGLE (Line Drive, 7LM) Eric Wheeler to third Tony McLaughlin to second
|
Pinch Hitting: RHB Arturo García
|
0-0: Foul Ball, location: 2F 0-1: Swinging Strike 0-2: SINGLE (Line Drive, 34D) Eric Wheeler scores Tony McLaughlin to third Rick Ayliffe to second
|
Pitching: LHP Tim Wilson
|
|
Batting: RHB Fabrice Brodeur
|
0-0: Called Strike 0-1: Ball 1-1: Swinging Strike 1-2: Ball 2-2: Foul Ball, location: 2F 2-2: Ball 3-2: Fly out, F8 (Line Drive, 8LM)
|
Batting: SHB Joaquín López
|
0-0: Ball 1-0: Fielders Choice at 2nd, U4 (Groundball, 4M)
|
Top of the 7th over - 3 run(s), 4 hit(s), 0 error(s), 3 left on base; Chicago 3 - Madison 0 |
BOTTOM OF THE 7TH |
Madison Bombers batting - Pitching for Chicago Machine : LHP John Lane
|
Now at 1B: Derek Ramsey
|
|
Now in CF: Arturo García
|
|
Now in RF: Roberto Cardona
|
|
Batting: LHB Robin Hill
|
0-0: Ball 1-0: SINGLE (Flyball, 8RS)
|
Pitching: RHP César Menéndez
|
|
Batting: RHB Edward Franks
|
0-0: Called Strike 0-1: Ball 1-1: Fly out, F4 (Popup, 4D)
|
Pinch Hitting: RHB Vicente Aguirre
|
0-0: Ball 1-0: Called Strike 1-1: Swinging Strike 1-2: Strikes out swinging
|
Pinch Hitting: RHB Pablo Gonzáles
|
0-0: Ball 1-0: Ball 2-0: Ball 3-0: Called Strike 3-1: Called Strike 3-2: Strikes out swinging
|
Bottom of the 7th over - 0 run(s), 1 hit(s), 0 error(s), 1 left on base; Chicago 3 - Madison 0 |
TOP OF THE 8TH |
Chicago Machine batting - Pitching for Madison Bombers : LHP Tim Wilson
|
Now at 3B: Bailey Ramsey
|
|
Now at SS: Quinton Martínez
|
|
Pinch Hitting: LHB A.J. Major
|
0-0: Ball 1-0: SINGLE (Line Drive, 4D)
|
Batting: RHB Roberto Cardona
|
0-0: Ball 1-0: Foul Ball, location: 2F 1-1: Called Strike 1-2: Strikes out looking
|
Batting: RHB Derek Ramsey
|
0-0: Called Strike 0-1: Foul Ball, location: 2F 0-2: Ball 1-2: Fly out, F9 (Flyball, 9M)
|
Batting: LHB Luis Espinoza
|
0-0: Swinging Strike 0-1: Ball 1-1: Foul Ball, location: 2F 1-2: Strikes out swinging
|
Top of the 8th over - 0 run(s), 1 hit(s), 0 error(s), 1 left on base; Chicago 3 - Madison 0 |
BOTTOM OF THE 8TH |
Madison Bombers batting - Pitching for Chicago Machine : RHP César Menéndez
|
Now in RF: A.J. Major
|
|
Pinch Hitting: LHB Avery Hopkins
|
0-0: Called Strike 0-1: Called Strike 0-2: SINGLE (Groundball, 4MD)
|
Pinch Hitting: LHB John Latham
|
0-0: Ball 1-0: Ball 2-0: Called Strike 2-1: Ball 3-1: Fly out, F5 (Popup, 5S)
|
Batting: RHB Miguel Hernández
|
0-0: Called Strike 0-1: Ball 1-1: Fly out, F7 (Flyball, 78D)
|
Batting: LHB José Santos
|
0-0: Ground out 5-3 (Groundball, 56S)
|
Bottom of the 8th over - 0 run(s), 1 hit(s), 0 error(s), 1 left on base; Chicago 3 - Madison 0 |
TOP OF THE 9TH |
Chicago Machine batting - Pitching for Madison Bombers : LHP Tim Wilson
|
Pitching: RHP Alonso Gallardo
|
|
Now at 1B: John Latham
|
|
Now in LF: Avery Hopkins
|
|
Batting: SHB Tony McLaughlin
|
0-0: Fly out, F8 (Flyball, 78XD)
|
Pitching: LHP Dave Carbone
|
|
Pinch Hitting: RHB José Bautista
|
0-0: Foul Ball, location: 2F 0-1: Ball 1-1: Foul Ball, location: 2F 1-2: Ball 2-2: Ball 3-2: Fly out, F9 (Flyball, 89M)
|
Pitching: RHP Gregg Lewis
|
|
Batting: RHB Arturo García
|
0-0: Called Strike 0-1: Ball 1-1: Fly out, F8 (Flyball, 8RXD)
|
Top of the 9th over - 0 run(s), 0 hit(s), 0 error(s), 0 left on base; Chicago 3 - Madison 0 |
BOTTOM OF THE 9TH |
Madison Bombers batting - Pitching for Chicago Machine : RHP César Menéndez
|
Pitching: LHP Valentín Reséndez
|
|
Now at C: José Bautista
|
|
Pinch Hitting: RHB Spencer Johnston
|
0-0: Ball 1-0: Foul Ball, location: 2F 1-1: Swinging Strike 1-2: Foul Ball, location: 2F 1-2: Ball 2-2: Foul Ball, location: 2F 2-2: Ball 3-2: Base on Balls
|
Batting: LHB Robin Hill
|
0-0: Ball 1-0: SINGLE (Line Drive, 6MD) Spencer Johnston to second
|
Batting: RHB Edward Franks
|
0-0: Ball 1-0: Swinging Strike 1-1: Foul Ball, location: 2F 1-2: SINGLE (Groundball, 56S) (infield hit) Spencer Johnston to third Robin Hill to second
|
Batting: RHB Bailey Ramsey
|
0-0: Ball 1-0: Called Strike 1-1: Fly out, F3 (Popup, 3F)
|
Batting: RHB Quinton Martínez
|
0-0: Called Strike 0-1: Ball 1-1: Grounds into double play, 1-2-3 (Groundball, 25)
|
Bottom of the 9th over - 0 run(s), 2 hit(s), 0 error(s), 2 left on base; Chicago 3 - Madison 0 |
|